 Dungeon Crawl Stone Soup version 0.30-a0-304-gdc4b735fe1 (webtiles) character file.

Game seed: 3219459198770651760

7744 Kinoniko the Severer (level 11, -4/82 HPs)
             Began as a Grey Draconian Berserker on Oct 20, 2022.
             Was a High Priest of Trog.
             Slain by a red ugly thing (22 damage)
             ... on level 11 of the Dungeon.
             The game lasted 00:09:23 (10092 turns).

Kinoniko the Severer (Grey Draconian Berserker)    Turns: 10092, Time: 00:09:23

Health: -4/82      AC: 15    Str: 24    XL:     11   Next: 0%
Magic:  11/11      EV: 16    Int:  8    God:    Trog [*****.]
Gold:   635        SH:  0    Dex: 10    Spells: 10/10 levels left

rFire   . . .      SeeInvis .    o - +2 battleaxe
rCold   . . .      Faith    .    (shield currently unavailable)
rNeg    . . .      Spirit   .    (body armour unavailable)
rPois   .          Reflect  .    (helmet restricted)
rElec   .          Harm     .    l - +2 cloak
rCorr   +          Rampage  .    (no gloves)
Will    .....                    (no boots)
Stlth   +.........               (no amulet)
HPRegen 0.33/turn                f - ring of resist corrosion
MPRegen 0.12/turn                A - +4 ring of evasion

@: on berserk cooldown, slowed, very slow
A: AC +12, amphibious, unfitting armour, cold-blooded
a: Renounce Religion, Berserk, Trog's Hand, Brothers in Arms


You were on level 11 of the Dungeon.
You worshipped Trog.
Trog was extremely pleased with you.
You visited 1 branch of the dungeon, and saw 11 of its levels.

You collected 739 gold pieces.
You spent 104 gold pieces at shops.

Inventory:

Hand Weapons
 a - a +0 hand axe
 o - a +2 battleaxe (weapon)
 r - a +0 war axe
Missiles
 p - a throwing net (quivered)
Armour
 l - a +2 cloak (worn)
Jewellery
 f - a ring of resist corrosion (left hand)
 m - a +6 ring of intelligence
 A - a +4 ring of evasion (right hand)
Wands
 j - a wand of charming (13)
 v - a wand of flame (10)
 y - a wand of iceblast (8)
 B - a wand of polymorph (12)
Scrolls
 b - 3 scrolls of immolation
 c - 2 scrolls of summoning
 e - 7 scrolls of teleportation
 i - 4 scrolls of noise
 k - a scroll of silence
 n - 2 scrolls of magic mapping
 z - 2 scrolls of enchant armour
 E - 2 scrolls of fear
 G - a scroll of blinking
Potions
 d - 3 potions of lignification {unknown}
 g - a potion of magic {unknown}
 h - a potion of flight {unknown}
 q - 2 potions of haste
 s - 3 potions of curing
 t - a potion of berserk rage
 u - a potion of brilliance {unknown}
 w - 2 potions of attraction {unknown}
 x - a potion of mutation {unknown}
 D - 2 potions of resistance {unknown}
 F - a potion of might {unknown}


   Skills:
 - Level 3.2 Fighting
 * Level 16.8 Axes
 - Level 2.9 Dodging


You had 10 spell levels left.
You didn't know any spells.
Your spell library was empty.

Dungeon Overview and Level Annotations

Branches:
Dungeon (11/15)            Temple (0/1) D:7             Orc (0/2) D:10
   Lair: D:8-11

Altars:
Ashenzari
Cheibriados
Fedhas
Hepliaklqana
Makhleb
Nemelex Xobeh
Okawaru
Qazlal
Ru
Trog
Xom
Yredelemnul
Zin

Shops:
D:8 !

Annotations:
D:4 1 runed translucent door, grizmgrazm2's ghost, amateur DsTm
D:7 exclusion: oklob plant


Innate Abilities, Weirdness & Mutations

Your dull iron-grey scales are very hard. (AC +12)
You are amphibious.
You cannot fit into any form of body armour.
You are cold-blooded and may be slowed by cold attacks.


Message History

You feel your anger nearly subside.
You start resting.
You are no longer berserk.
You are exhausted.
You feel yourself slow down.
You start resting.
A red ugly thing is nearby!
The red ugly thing gurgles horribly!
The red ugly thing misses you.
Things that are here:
a +0 shortbow; a centaur corpse You closely miss the red ugly thing.
You tail-slap the red ugly thing.
The red ugly thing is lightly wounded.
The red ugly thing stings you but does no damage.
The red ugly thing misses you.
You hit the red ugly thing.
The red ugly thing is lightly wounded.
The red ugly thing stings you!
You are engulfed in flames!
You slice the red ugly thing!!
The red ugly thing is heavily wounded.
The red ugly thing stings you.
You are engulfed in flames!
You are too injured to fight recklessly!
You are too injured to fight recklessly!
You are too injured to fight recklessly!
You are too injured to fight recklessly!
Unknown command.
You hit the red ugly thing.
Your tail-slap misses the red ugly thing.
The red ugly thing is heavily wounded.
The red ugly thing closely misses you.
You barely miss the red ugly thing.
The red ugly thing is heavily wounded.
The red ugly thing barely misses you.
The red ugly thing stings you but does no damage.
You slice the red ugly thing!!
The red ugly thing is severely wounded.
The red ugly thing stings you!
* * * LOW HITPOINT WARNING * * *
You are engulfed in flames!!
You die...

###...## #.##'##.#
.......#
...#.#u..!###......#
..##[##............#
..#...#............#
.##...##...........#
.#.....#...?.......#.....
.#.....#...........#.....
####.### #...)(@u.#.....
####.## #####)#...#...#
......# #.###....#
.###..# #........#
.##..## #........# .##.##
#........# .##.#
#........# ###.#
#.###..#.>.
#.###########.###.##...


You could see a red ugly thing.

Vanquished Creatures
  A cyclops (D:11)
  A manticore (D:11)
  2 gargoyles
  A hornet (D:11)
  A shadow (D:10)
  A vampire (D:9)
  9 yaks
  A steam dragon (D:7)
  3 water moccasins
  4 orc warriors
  A black bear (D:5)
  A sky beast (D:8)
  5 centaurs
  An ogre (D:5)
  5 kobold brigands
  2 phantoms
  4 bullfrogs
  2 necrophages
  A gnoll sergeant (D:7)
  2 scorpions
  7 wights
  4 troll zombies (D:10)
  8 killer bees
  3 howler monkeys
  A hound (D:5)
  A jelly (D:6)
  Crazy Yiuf (D:2)
  3 gnoll boudas
  9 orc priests
  Jessica (D:2)
  An iguana (D:5)
  6 orc wizards
  4 ogre zombies (D:10)
  17 gnolls
  6 adders
  A white imp (D:8)
  An ufetubus (D:5)
  A worm (D:4)
  2 dart slugs
  37 orcs
  7 endoplasms
  5 giant cockroaches
  6 goblins
  7 hobgoblins
  15 jackals
  24 kobolds
  3 ball pythons
  6 bats
  7 frilled lizards
  A goblin skeleton (D:10)
  6 goblin zombies (D:10)
  2 hobgoblin zombies (D:10)
  5 orc skeletons (D:10)
  11 orc zombies (D:10)
  5 rats
272 creatures vanquished.

Vanquished Creatures (others)
  A hound (D:7)
  4 fungi
  16 toadstools (D:7)
  A withered plant (D:2)
22 creatures vanquished.

Grand Total: 294 creatures vanquished

Notes
Turn   | Place    | Note
-------+----------+-------------------------------------------
     0 | D:1      | Kinoniko the Draconian Berserker began the quest for the
                  | Orb.
     0 | D:1      | Reached XP level 1. HP: 19/19 MP: 1/1
    22 | D:1      | Reached XP level 2. HP: 26/26 MP: 2/2
   329 | D:1      | Reached skill level 4 in Axes
   520 | D:1      | Reached XP level 3. HP: 31/31 MP: 3/3
   549 | D:2      | Reached ** piety under Trog
   590 | D:2      | Noticed Jessica
   600 | D:2      | Killed Jessica
   730 | D:2      | Reached XP level 4. HP: 37/38 MP: 4/4
   797 | D:2      | Found a faded altar of an unknown god.
  1060 | D:2      | Found a runed translucent door.
  1061 | D:2      | Noticed Crazy Yiuf
  1069 | D:2      | Killed Crazy Yiuf
  1070 | D:2      | Reached skill level 5 in Axes
  1276 | D:3      | Reached XP level 5. HP: 45/45 MP: 5/5
  1545 | D:3      | Reached *** piety under Trog
  1675 | D:4      | Reached skill level 6 in Axes
  1745 | D:4      | Found a shimmering altar of Xom.
  2143 | D:4      | Reached XP level 6. HP: 51/51 MP: 6/6
  2227 | D:4      | Found a runed translucent door.
  2233 | D:4      | Noticed grizmgrazm2's ghost (amateur DsTm)
  2407 | D:5      | Entered Level 5 of the Dungeon
  2446 | D:5      | Reached skill level 7 in Axes
  2590 | D:5      | Your scales start taking on a dull iron-grey colour.
  2590 | D:5      | Reached XP level 7. HP: 57/57 MP: 7/7
  2591 | D:5      | Reached skill level 8 in Axes
  2675 | D:5      | Found a basalt altar of Yredelemnul.
  2949 | D:5      | Found a stormy altar of Qazlal.
  2976 | D:5      | Found a snail-covered altar of Cheibriados.
  2977 | D:5      | Found a hazy altar of Hepliaklqana.
  3753 | D:6      | Found a sparkling altar of Nemelex Xobeh.
  3799 | D:6      | Reached skill level 9 in Axes
  4140 | D:6      | Found a burning altar of Makhleb.
  4147 | D:6      | Found a glowing silver altar of Zin.
  4147 | D:6      | Noticed an angel
  4147 | D:6      | Noticed a balrug
  4209 | D:6      | Reached XP level 8. HP: 63/63 MP: 8/8
  4240 | D:6      | Reached skill level 10 in Axes
  5021 | D:6      | Reached **** piety under Trog
  5589 | D:7      | Reached skill level 11 in Axes
  5824 | D:7      | Found a staircase to the Ecumenical Temple.
  5873 | D:7      | Reached skill level 12 in Axes
  5873 | D:7      | Reached XP level 9. HP: 69/70 MP: 9/9
  6118 | D:7      | Found a bloodstained altar of Trog.
  6481 | D:7      | Found a blossoming altar of Fedhas.
  6623 | D:7      | Noticed an oklob plant
  6699 | D:8      | Reached skill level 13 in Axes
  6927 | D:8      | Found Zasepi's Distillery.
  6974 | D:8      | Bought a potion of curing for 39 gold pieces
  6974 | D:8      | Bought a potion of heal wounds for 65 gold pieces
  7419 | D:9      | Reached skill level 14 in Axes
  7545 | D:9      | Noticed a gargoyle
  7551 | D:9      | Killed a gargoyle
  7568 | D:9      | Reached ***** piety under Trog
  7590 | D:9      | Reached XP level 10. HP: 44/77 MP: 10/10
  8310 | D:9      | Reached skill level 15 in Axes
  8493 | D:10     | Entered Level 10 of the Dungeon
  8530 | D:10     | Found a staircase to the Orcish Mines.
  8570 | D:10     | Received a gift from Trog
  8907 | D:10     | Noticed a gargoyle
  8913 | D:10     | Killed a gargoyle
  9033 | D:10     | Reached skill level 16 in Axes
  9140 | D:10     | Found an iron altar of Okawaru.
  9140 | D:10     | Found a sacrificial altar of Ru.
  9675 | D:11     | Noticed a manticore
  9687 | D:11     | Killed a manticore
  9872 | D:11     | Found a broken altar of Ashenzari.
  9874 | D:11     | Noticed a red ugly thing
 10064 | D:11     | Noticed a cyclops
 10073 | D:11     | Killed a cyclops
 10074 | D:11     | Reached XP level 11. HP: 82/82 MP: 11/11
 10092 | D:11     | Slain by a red ugly thing

Illustrated notes

Levels and vault maps discovered:
D:1:      minmay_arrival_plants_in_alcoves, layout_rooms
D:2:      layout_rooms, ebering_ecumenical_altar_petrified,
          uniq_crazy_yiuf_cottage, uniq_jessica
D:3:      layout_rooms
D:4:      layout_basic, mainiacjoe_overflow_boulevard,
          ebering_ghost_reflecting_pool
D:5:      layout_layer_cave, yredelemnul_altar_generic,
          nicolae_overflow_squiral, marbit_many_paths, roderic_lattice_a
D:6:      layout_layer_cave, nemelex_xobeh_ov_fountains_minmay,
          grunt_temple_overflow_order_and_chaos_2
D:7:      layout_cave_pools, tgw_fedhas, mainiacjoe_overflow_small_starburst,
          minmay_temple_entry_antechambers
D:8:      layout_cave_pools, serial_shops, shop
D:9:      layout_loops_corners
D:10:     layout_cave_pods, nicolae_overflow_hidden_temple, zombieorc2_lemuel,
          minmay_misc_feat_encased
D:11:     old_forge, layout_rooms, lair_entry_dummy,
          nicolae_ashenzari_panopticon

Skill      XL: |  1  2  3  4  5  6  7  8  9 10 |
---------------+-------------------------------+-----
Axes           | 4 5 6 7 9 12 14 16 | 16.8
Fighting       | |  3.2
Dodging        | |  2.9

Action                   |  1- 3 |  4- 6 |  7- 9 | 10-12 || total
-------------------------+-------+-------+-------+-------++-------
Melee: Hand axe          |    85 |   130 |       |       ||   215
       Tailslap          |     7 |    21 |    32 |    18 ||    78
       War axe           |       |    51 |    55 |       ||   106
       Punch             |       |     1 |     1 |       ||     2
       Battleaxe         |       |       |   248 |   140 ||   388
Invok: Berserk           |     2 |     5 |     5 |     5 ||    17
  Use: Scroll            |       |       |    14 |     2 ||    16
       Potion            |       |       |       |     1 ||     1
 Stab: Sleeping          |       |     1 |       |       ||     1
Armor: Skin              |    43 |    52 |   185 |    54 ||   334
Dodge: Dodged            |    63 |   109 |   240 |   162 ||   574

Table legend: (Time is in decaauts)
 A = Elapsed time spent in this place.
 B = Non-inter-level travel time spent in this place.
 C = Inter-level travel time spent in this place.
 D = Time resting spent in this place.
 E = Time spent auto-exploring this place.
 F = Levels seen in this place.
 G = Mean time per level.
                   A        B        C        D        E       F      G
               +--------+--------+--------+--------+--------+-----+--------+
         Total |  10273 |   9850 |    423 |   1296 |   7193 |  11 |  933.9 |
       Dungeon |  10273 |   9850 |    423 |   1296 |   7193 |  11 |  933.9 |
               +--------+--------+--------+--------+--------+-----+--------+

Top non-repeatable levels by time:
     D:6: 2180 daAuts
     D:5: 1216 daAuts
     D:9: 1158 daAuts
     D:7: 1023 daAuts
    D:10: 1007 daAuts
     D:4: 781 daAuts
     D:8: 759 daAuts
     D:2: 615 daAuts
     D:1: 561 daAuts
     D:3: 526 daAuts
    D:11: 442 daAuts
